 Dungeon Crawl Stone Soup version 0.32-a0-975-g85d4e5bfdb (webtiles) character file.

Game seed: 12469781578366814300

286679 jasper the Phalangite (level 21, -5/208 HPs)
             Began as a Naga Wanderer on Apr 18, 2024.
             Was a High Priest of Yredelemnul.
             Slain by a +0 glaive of freezing (11 damage)
             ... animated by Zenata
             ... on level 4 of the Vaults.
             The game lasted 01:21:12 (35805 turns).

jasper the Phalangite (Naga Wanderer)              Turns: 35805, Time: 01:21:13

Health: -5/208     AC: 38    Str: 31    XL:     21   Next: 4%
Magic:  27/32      EV:  4    Int: 19    God:    Yredelemnul [*****.]
Gold:   4120       SH:  0    Dex: 15    Spells: 14/22 levels left

rFire   + + .        x - +6 bardiche "Tormentor" {speed, rPois rF+ Int+2}
rCold   + + .        (shield currently unavailable)
rNeg    + . .        t - +4 chain mail of the Narrow God {Regen+}
rPois   +            A - +1 helmet "Heoletef" {Int+2 Dex+3}
rElec   .            k - +2 cloak of the Skies Above {rC+ Str+2}
rCorr   +            h - +2 pair of gloves {Str+3}
SInv    +            o - +8 barding of Otaypnol {rF+ rC+}
Will    ++...        c - amulet of regeneration Stlth
                     u - ring of positive energy
HPRegen 2.14/turn    g - ring "Kodoh" {rPois rCorr Int+6}
MPRegen 0.23/turn

%: no passive effects
@: lethally poisoned (-5 -> -19), enshackling, wreathed by umbra, very slow
A: AC +7, large, see invisible, deformed body, poison resistance, slowness 2,
spit poison 1, naga tail 2, clumsy 1, deterioration 1, low MP 1
}: 1/15 runes: gossamer
a: Spit Poison, Renounce Religion, Light the Black Torch, Recall Undead Harvest,
Hurl Torchlight, Bind Soul, Fathomless Shackles


You were on level 4 of the Vaults.
You worshipped Yredelemnul.
Yredelemnul was greatly pleased with you.
You visited 6 branches of the dungeon, and saw 34 of its levels.
You also visited: Sewer, Gauntlet and Ice Cave.

You collected 5628 gold pieces.
You spent 1508 gold pieces at shops.

Inventory:

Hand Weapons
 x - the +6 bardiche "Tormentor" (weapon) {speed, rPois rF+ Int+2}
   (You acquired it on level 6 of the Dungeon)

   Int+2:     It affects your intelligence (+2).
   rF+:       It protects you from fire.
   rPois:     It protects you from poison.
Missiles
 F - 5 curare-tipped darts
 G - 2 throwing nets
Armour
 h - a +2 pair of gloves of strength (worn)
 j - the +4 skin of Zhor {*Englaciate rC+++ SInv}
   (You found it in an ice cave)

   *Englaciate: It radiates cold, occasionally slowing all nearby creatures who
   are not resistant to cold.
   rC+++:     It renders you almost immune to cold.
   SInv:      It lets you see invisible.
 k - the +2 cloak of the Skies Above (worn) {rC+ Str+2}
   (You acquired it on level 4 of the Dungeon)

   Str+2:     It affects your strength (+2).
   rC+:       It protects you from cold.
 o - the +8 barding of Otaypnol (worn) {rF+ rC+}
   (You acquired it on level 4 of the Dungeon)

   rF+:       It protects you from fire.
   rC+:       It protects you from cold.
 t - the +4 chain mail of the Narrow God (worn) {Regen+}
   (You found it on level 4 of the Vaults)

   Regen+:    It increases your rate of health regeneration.
 A - the +1 helmet "Heoletef" (worn) {Int+2 Dex+3}
   (You found it in a Gauntlet)

   Int+2:     It affects your intelligence (+2).
   Dex+3:     It affects your dexterity (+3).
Jewellery
 c - an amulet of regeneration (around neck)
 g - the ring "Kodoh" (right hand) {rPois rCorr Int+6}
   (You bought it in a shop on level 2 of the Orcish Mines)

   [ring of intelligence]

   Int+6:     It affects your intelligence (+6).
   rPois:     It protects you from poison.
   rCorr:     It protects you from acid and corrosion.
 u - a ring of positive energy (left hand)
 H - a ring of protection from cold
 R - a ring of flight
 T - the ring "Siosiyv" {rF+ Will+}
   (You found it on level 1 of the Vaults)

   [ring of protection from fire]

   rF+:       It protects you from fire.
   Will+:     It increases your willpower.
 Z - a ring of positive energy
Talismans
 V - a talisman of death
Wands
 b - a wand of warping (32)
 I - a wand of digging (6)
 K - a wand of mindburst (30)
 M - a wand of paralysis (45)
 Q - a wand of flame (59)
 S - a wand of polymorph (11)
Scrolls
 d - 3 scrolls of torment
 e - 4 scrolls of blinking
 i - 5 scrolls of revelation
 m - 2 scrolls of immolation
 n - 5 scrolls of poison
 q - 2 scrolls of enchant armour
 w - 12 scrolls of fear
 y - 6 scrolls of vulnerability
 B - a scroll of brand weapon
 L - 4 scrolls of fog
 N - 13 scrolls of identify
 P - 12 scrolls of teleportation
 X - 5 scrolls of amnesia
Potions
 a - 3 potions of resistance
 l - a potion of berserk rage
 p - a potion of heal wounds
 r - 8 potions of brilliance
 s - 7 potions of mutation
 v - 2 potions of haste
 z - 9 potions of curing
 C - 8 potions of enlightenment
 D - 7 potions of might
 J - 2 potions of invisibility
 O - 4 potions of attraction
 U - 7 potions of ambrosia
 W - 3 potions of cancellation
 Y - 6 potions of lignification
Miscellaneous
 f - a condenser vane
 E - a sack of spiders


   Skills:
 + Level 17.1 Fighting
 - Level 1.0 Maces & Flails
 - Level 24.0 Polearms
 - Level 1.0 Throwing
 + Level 4.4 Armour
 - Level 1.0 Dodging
 - Level 2.8 Stealth
 - Level 1.0 Spellcasting
 * Level 21.6 Invocations
 - Level 2.0 Evocations
 - Level 13.0 Shapeshifting


You had 14 spell levels left.
You knew the following spells:

 Your Spells              Type           Power      Damage    Failure   Level
a - Fugue of the Fallen   Necr           0%         N/A       91%         3
b - Blink                 Tloc           0%         N/A       71%         2
c - Swiftness             Air            0%         N/A       91%         3

Your spell library contained the following spells:

 Spells                   Type           Power      Damage    Failure   Level
 Apportation              Tloc           0%         N/A       56%         1
 Freeze                   Ice            0%         1d3       56%         1
 Magic Dart               Conj           0%         1d3       56%         1
 Necrotise                Necr           0%         1d4       56%         1
 Shock                    Conj/Air       0%         1d3       56%         1
 Sting                    Conj/Alch      0%         1d3       56%         1
 Summon Small Mammal      Summ           0%         N/A       56%         1
 Ensorcelled Hibernation  Hex/Ice        0%         N/A       71%         2
 Lesser Beckoning         Tloc           0%         N/A       71%         2
 Mercury Vapours          Alch/Air       0%         N/A       71%         2
 Momentum Strike          Conj/Tloc      0%         3d8       71%         2
 Searing Ray              Conj           0%         2d4       71%         2
 Call Canine Familiar     Summ           0%         N/A       91%         3
 Hailstorm                Conj/Ice       0%         3d5       91%         3
 Mephitic Cloud           Conj/Alch/Air  0%         N/A       91%         3
 Summon Ice Beast         Ice/Summ       0%         N/A       91%         3
 Airstrike                Air            0%         2d(0-16)  100%        4
 Brom's Barrelling Bould  Conj/Erth      0%         2d3       100%        4
 Fulminant Prism          Conj/Alch      0%         3d5       100%        4
 Leda's Liquefaction      Alch/Erth      0%         N/A       100%        4
 Olgreb's Toxic Radiance  Alch           0%         N/A       100%        4
 Petrify                  Alch/Erth      0%         N/A       100%        4
 Summon Blazeheart Golem  Fire/Summ      0%         N/A       100%        4
 Borgnjor's Vile Clutch   Necr/Erth      0%         N/A       100%        5
 Freezing Cloud           Conj/Ice/Air   0%         6-21      100%        5
 Irradiate                Conj/Alch      0%         3d11      100%        5
 Lee's Rapid Deconstruct  Erth           0%         3d4*      100%        5
 Summon Mana Viper        Hex/Summ       0%         N/A       100%        5
 Bombard                  Conj/Erth      0%         9d1       100%        6
 Permafrost Eruption      Ice/Erth       0%         2x4d1     100%        6
 Sculpt Simulacrum        Ice/Alch       0%         N/A       100%        6
 Haunt                    Necr/Summ      0%         N/A       100%        7
 Monstrous Menagerie      Summ           0%         N/A       100%        7
 Seismic Cannonade        Alch/Erth      0%         6d4       100%        7
 Borgnjor's Revivificati  Necr           0%         N/A       100%        8
 Fulsome Fusillade        Conj/Alch      0%         (3-5)d4   100%        8
 Infestation              Necr           0%         N/A       100%        8
 Animate Dead             Necr           Unusable   N/A       N/A         4
 Death Channel            Necr           Unusable   N/A       N/A         6

Dungeon Overview and Level Annotations

Branches:
Dungeon (15/15)            Temple (0/1) D:6            Lair (5/5) D:8
  Swamp (4/4) Lair:2       Spider (4/4) Lair:3        Slime (0/5) Lair:4
    Orc (2/2) D:12            Elf (0/3) Orc:2        Vaults (4/5) D:14
  Crypt (0/3) Vaults:3     Depths (0/4) D:15          Sewer (visited)
  IceCv (visited)         Gauntlet (visited)

Altars:
Ashenzari
Dithmenos
Qazlal
Sif Muna
Yredelemnul
The Shining One
Jiyva

Shops:
Orc:1 :   Orc:2 =:?(

Annotations:
Vaults:4 Zenata


Innate Abilities, Weirdness & Mutations

Your serpentine skin is tough. (AC +7)
You have supernaturally acute eyesight. (SInv)
Armour fits poorly on your strangely shaped body.
Your system is resistant to poisons. (rPois)
You cover ground very slowly.
You can spit poison.
You can use your snake-like lower body to constrict enemies.
You are clumsy. (Dex -2)
Your body sometimes deteriorates upon taking damage.
Your magical capacity is low. (-10% MP)


Message History

You take 8 damage, and have 41/208 hp.
You feel very sick. The +5 short sword of venom hits you.
* * * LOW HITPOINT WARNING * * *
You are more poisoned.
The +2 trident of venom hits you but does no damage.
The +1 trident of freezing hits you!
* * * LOW HITPOINT WARNING * * *
The +5 short sword of venom hits you but does no damage.
The +0 glaive of freezing hits you from afar.
* * * LOW HITPOINT WARNING * * *
The +2 trident of venom hits you from afar.
* * * LOW HITPOINT WARNING * * *
The +1 trident of freezing hits you but does no damage.
The +5 short sword of venom hits you.
* * * LOW HITPOINT WARNING * * *
The +0 glaive of freezing hits you from afar!
* * * LOW HITPOINT WARNING * * *
Zenata hits your vault sentinel zombie with a +5 triple sword!!!
The +2 trident of venom hits you but does no damage.
The +1 trident of freezing hits you but does no damage.
The +5 short sword of venom hits you.
* * * LOW HITPOINT WARNING * * *
You take 33 damage, and have 8/208 hp.
You feel better.
The +5 short sword of venom hits you but does no damage.
You are poisoned.
The +2 trident of venom hits you but does no damage.
The +1 trident of freezing hits you!
* * * LOW HITPOINT WARNING * * *
The +0 glaive of freezing barely misses you.
The +5 short sword of venom hits you.
* * * LOW HITPOINT WARNING * * *
You are more poisoned.
The +2 trident of venom hits you but does no damage.
You are lethally poisoned!
The +1 trident of freezing hits you but does no damage.
The +0 glaive of freezing hits you from afar!
You die...
Your body rises from the dead as a mindless zombie.

...# ######## ...#
...#############
<..Z...........#
.)Z#.ZZZZZ.....#
...#..###.###..#
...#..##.#Z##..##########
...#..#.#.#.#..§§Z(......
####...#.#.#...#@(a......
#..#.#.#.#..#.((......
#..##.#.##..#.........
#..###.###<.#.........
#...........#.........
#...........##########
#########'### ##...##
#.....#


You could see Zenata (ally target), 4 dancing weapons and a friendly vault
sentinel zombie.

Vanquished Creatures
  The ghost of Joextigh the Crack Shot, a veteran KoHu of Okawaru (Vaults:1)
  A lich (IceCv)
  2 acid blobs (Vaults:1)
  A sphinx (Vaults:2)
  Roxanne (Swamp:1)
  A rockslime (Vaults:1)
  7 vault wardens
  An emperor scorpion (Spider:4)
  3 ghost moths
  2 orc warlords
  2 ghouls (Swamp:4)
  A quicksilver ooze (Vaults:1)
  10 ironbound preservers
  5 ironbound thunderhulks
  3 eleionomae
  3 formless jellyfish
  A war gargoyle (Vaults:3)
  8 dire elephants
  A deep elf death mage (Vaults:4)
  3 bunyips
  2 spark wasps
  A minotaur (Gauntlet)
  3 fire dragons (Swamp:4)
  5 entropy weavers
  2 great orbs of eyes
  4 hydras
  7 yaktaur captains
  2 rakshasas (D:15)
  A vault guard (Vaults:2)
  Erica (D:8)
  A caustic shrike simulacrum (IceCv)
  4 boulder beetles
  5 ogre magi
  2 jorogumos (Spider:4)
  9 ironbound frosthearts
  9 centaur warriors
  2 death knights (D:15)
  10 two-headed ogres
  8 alligators
  2 radroaches
  2 catoblepae
  5 demonic crawlers
  A tengu warrior (D:14)
  An occultist (D:15)
  2 orc high priests (Vaults:1)
  Lodul (D:12)
  4 spriggan druids
  5 goliath frogs
  2 pharaoh ants (Spider:3)
  10 swamp dragons
  An obsidian statue (IceCv)
  A flayed ghost (Vaults:3)
  11 deep trolls
  3 spriggan riders (Swamp:3)
  4 glowing orange brains
  6 orc knights
  9 bog bodies
  5 harpies
  3 sun moths
  2 arcanists
  12 ironbound convokers
  4 orb spiders
  A phantasmal warrior (Vaults:3)
  9 lindwurms
  A spriggan simulacrum (IceCv)
  3 spectral wolf spiders (Spider:2)
  A deep elf pyromancer (D:14)
  3 steelbarb worms
  2 necromancers
  Pikel (D:9)
  A deep elf zephyrmancer (D:15)
  5 wolf spider zombies (Spider:2)
  5 ugly things
  4 will-o-the-wisps
  15 wolf spiders
  3 orc sorcerers
  A tengu skeleton (Vaults:1)
  A manticore (D:12)
  4 moths of wrath
  2 elephants (Lair:5)
  A centaur zombie (D:15)
  Maurice (D:8)
  6 cyclopes
  Joseph (D:7)
  4 meliai
  3 black mambas
  A centaur skeleton (D:15)
  An eye of devastation (Vaults:1)
  A frost giant skeleton (Vaults:1)
  5 vault sentinels
  2 gargoyles
  4 torpor snails
  An unseen horror (shapeshifter) (D:13)
  2 efreet
  An unseen horror (D:11)
  5 cane toads
  A cane toad (shapeshifter) (D:12)
  2 rime drakes
  5 anaconda simulacra (IceCv)
  20 freezing wraiths
  A kobold demonologist (D:11)
  3 komodo dragons
  16 yaktaurs
  3 ice devils (IceCv)
  A tengu conjurer (D:14)
  A yaktaur skeleton (Vaults:1)
  A bloated husk (Swamp:1)
  2 wolf spider simulacra (Spider:2)
  12 hornets (Spider:4)
  A polar bear (Lair:4)
  5 trolls
  4 tyrant leeches
  Grinder (D:3)
  2 alligator simulacra (IceCv)
  9 tarantellas
  A blink frog (Lair:5)
  4 dream sheep (Lair:4)
  15 jumping spiders
  A frost giant simulacrum (Vaults:1)
  Sigmund (D:2)
  A spriggan (Swamp:3)
  2 centaur simulacra
  5 wraiths
  19 slime creatures
  8 culicivoras
  A shadow (D:12)
  A basilisk (shapeshifter) (D:14)
  5 wyverns
  3 dire elephant simulacra (IceCv)
  2 basilisks
  49 yaks
  A yak (shapeshifter) (D:12)
  A warg (Orc:1)
  2 neqoxecs (Gauntlet)
  A minotaur simulacrum (IceCv)
  30 redbacks
  6 vampire mosquitoes
  A redback simulacrum (D:15)
  9 swamp worms
  3 harpy simulacra (IceCv)
  An acid dragon (D:12)
  A water moccasin (shapeshifter) (D:15)
  8 water moccasins
  8 orc warriors
  7 swamp drakes (Swamp:4)
  5 ice beasts
  A sky beast (D:8)
  2 ettin simulacra (IceCv)
  5 laughing skulls
  5 boggarts
  2 centaurs (D:15)
  18 ogres
  6 wolves
  2 phantoms
  6 kobold brigands
  8 bullfrogs
  A human zombie (Vaults:1)
  A gnoll sergeant (D:9)
  A deep troll simulacrum (IceCv)
  5 wights (D:7)
  3 lindwurm simulacra (IceCv)
  7 killer bees (D:9)
  2 vampire bats (D:12)
  6 howler monkeys
  2 electric eels
  2 quasits (D:4)
  A bombardier beetle (D:7)
  A gnoll bouda (D:6)
  2 jellies
  3 hounds
  7 orc priests
  2 sleepcaps
  A boggart zombie (D:15)
  8 orc wizards
  Natasha (D:3)
  6 killer bee zombies (D:9)
  9 adders
  9 gnolls
  A river rat (Sewer)
  6 shadow imps
  2 white imps
  An ufetubus (D:4)
  3 ribbon worms (Spider:4)
  2 dart slugs (Sewer)
  35 orcs
  3 ball pythons
  An endoplasm (D:1)
  3 giant cockroaches
  2 hobgoblins
  3 jackals
  2 quokkas
  9 bats
  3 frilled lizards (D:1)
  12 kobolds
  3 rats
850 creatures vanquished.

Vanquished Creatures (collateral kills)
  Saint Roka (Vaults:1)
  Arachne (Spider:4)
  Mlioglotl (Spider:3)
  2 emperor scorpions (Spider:3)
  A fenstrider witch (Swamp:3)
  A vault warden (Vaults:1)
  An ironbound preserver (Vaults:2)
  2 ghost moths (Spider:4)
  A ghoul (Swamp:4)
  A stone giant (Vaults:2)
  A cacodemon (Gauntlet)
  3 eleionomae
  5 dire elephants
  A spark wasp (Spider:4)
  3 bunyips
  3 entropy weavers
  2 great orbs of eyes
  A peacekeeper (Vaults:3)
  A yaktaur captain (Vaults:2)
  9 hydras
  2 jorogumos (Spider:4)
  A catoblepas (Lair:2)
  3 alligators
  A ghost crab (Swamp:3)
  3 ironbound frosthearts (Vaults:2)
  4 centaur warriors
  4 two-headed ogres
  6 demonic crawlers
  An occultist (D:15)
  2 pharaoh ants
  A wretched star (Gauntlet)
  A skeletal warrior (D:15)
  A spriggan druid (Swamp:2)
  3 goliath frogs
  A spriggan rider (Swamp:3)
  4 slime creatures
  3 swamp dragons (Swamp:4)
  8 orb spiders
  2 bog bodies
  A deep troll (Vaults:2)
  4 glowing orange brains (D:12)
  An obsidian bat (Orc:1)
  An ironbound convoker (Vaults:3)
  7 lindwurms
  5 harpies
  3 orc sorcerers
  A wolf spider zombie (Spider:2)
  An ugly thing (D:11)
  3 steelbarb worms
  5 wolf spiders
  4 elephants
  A cyclops (Orc:2)
  A black mamba (Lair:5)
  5 meliai
  A moth of wrath (Spider:4)
  6 torpor snails
  2 vault sentinels
  3 yaktaur zombies
  2 komodo dragons
  7 cane toads (Lair:5)
  12 yaktaurs
  A rime drake (Lair:5)
  A yaktaur skeleton (Vaults:3)
  4 hornets
  A wolf spider simulacrum (Spider:2)
  22 jumping spiders
  10 tarantellas
  13 blink frogs (Lair:5)
  5 tyrant leeches
  3 dream sheep (Lair:4)
  A small abomination (Gauntlet)
  5 spriggans
  10 culicivoras
  24 yaks
  2 basilisks
  A wyvern (Lair:3)
  A warg (Orc:2)
  5 vampire mosquitoes
  A neqoxec (Gauntlet)
  24 redbacks
  A steam dragon (D:7)
  Edmund (D:5)
  6 swamp worms
  An acid dragon (D:9)
  A cane toad zombie (D:12)
  5 water moccasins
  3 swamp drakes (Swamp:4)
  A sky beast (D:8)
  2 ice beasts
  3 orc warriors
  2 centaurs (D:15)
  15 ogres
  16 wolves
  2 boggarts (Vaults:2)
  2 kobold brigands (D:11)
  A brain worm (Sewer)
  A scorpion (D:7)
  11 bullfrogs
  A yak zombie (D:12)
  7 killer bees (D:9)
  3 howler monkeys
  A lava snake (Swamp:4)
  2 hounds
  5 orc priests
  An iguana (D:6)
  3 jellies
  Natasha (twice) (D:3)
  9 orc wizards
  A howler monkey zombie (D:12)
  A gnoll (D:6)
  A river rat (Sewer)
  4 adders
  A white imp (D:4)
  3 ufetubi
  A dart slug (D:5)
  2 ribbon worms
  28 orcs
  7 ball pythons
  3 endoplasms
  A giant cockroach (Sewer)
  2 goblins (D:2)
  A hobgoblin (D:4)
  6 jackals
  3 quokkas (Sewer)
  8 bats
  2 frilled lizards
  7 kobolds
  A rat (D:3)
493 creatures vanquished.

Vanquished Creatures (others)
  A spectral rockslime (Vaults:1)
  A spectral broodmother (Vaults:1)
  A spectral hydra (Gauntlet)
  A spark wasp zombie (Spider:2)
  A spectral centaur (D:15)
  3 bunyip zombies
  An alligator zombie (Swamp:4)
  4 wolf spider zombies
  A spectral goliath frog (Swamp:1)
  3 goliath frog zombies
  A spectral ogre (Orc:2)
  An eleionoma zombie (Swamp:4)
  3 spectral humans
  A spectral unseen horror (D:11)
  A dire elephant zombie (Vaults:2)
  3 formless jellyfish zombies
  A spectral orc (Orc:2)
  8 centaur zombies
  An orb spider zombie (Spider:1)
  A great orb of eyes zombie (Vaults:3)
  9 redback zombies
  A steelbarb worm zombie (Spider:3)
  A spectral manticore (D:14)
  4 harpy zombies
  2 demonic crawler zombies
  A tarantella zombie (Spider:4)
  5 jumping spider zombies
  3 culicivora zombies
  A spectral komodo dragon (D:12)
  A meliai zombie (D:15)
  3 spriggan zombies
  A spectral ice devil (IceCv)
  3 slime creature zombies
  4 two-headed ogre zombies
  2 deep troll zombies (Vaults:3)
  3 cane toad zombies
  2 entropy weaver zombies
  2 hornet zombies
  3 lindwurm zombies
  A swamp drake (Swamp:4)
  An octopode zombie (D:8)
  2 swamp dragon zombies
  2 blink frog zombies (Lair:5)
  A boggart (Vaults:1)
  A torpor snail zombie (Spider:2)
  A spectral neqoxec (Gauntlet)
  13 yaktaur zombies
  3 wyvern zombies
  A warg zombie (Orc:2)
  2 cyclops zombies
  A spectral boggart (Vaults:2)
  4 water moccasin zombies
  3 yak zombies (D:11)
  8 wolf zombies
  5 bullfrog zombies
  13 human zombies
  A boggart zombie (Vaults:2)
  2 killer bee zombies (D:9)
  2 ice beast zombies (D:7)
  12 ogre zombies
  A sky beast zombie (D:8)
  2 hound zombies (D:7)
  3 howler monkey zombies
  A steam dragon zombie (D:7)
  2 swamp drake zombies (Swamp:4)
  A ribbon worm zombie (D:2)
  2 adder zombies
  2 spectral shadow imps (D:4)
  8 bat zombies
  2 ball python zombies
  A dart slug zombie (D:5)
  7 gnoll zombies
  A goblin (D:3)
  A hobgoblin zombie (D:3)
  9 kobold zombies
  46 orc zombies
  A rat zombie (D:3)
  A spectral ufetubus (D:4)
  16 foxfires (Swamp:4)
275 creatures vanquished.

Grand Total: 1618 creatures vanquished

Notes
Turn   | Place    | Note
-------+----------+-------------------------------------------
     0 | D:1      | jasper the Naga Wanderer began the quest for the Orb.
     0 | D:1      | jasper set off with the following items: a +0 mace, a wand
                  | of light (3), 15 poisoned darts, a +0 dagger, a scroll of
                  | blinking, a +0 leather armour.
     0 | D:1      | Reached XP level 1. HP: 19/19 MP: 2/2
   207 | D:1      | Found a faded altar of an unknown god.
   228 | D:1      | Prayed at the altar of an unknown god.
   228 | D:1      | Became a worshipper of Yredelemnul the Fallen
   228 | D:1      | Reached * piety under Yredelemnul
   257 | D:1      | Reached XP level 2. HP: 27/27 MP: 3/3
   913 | D:2      | Reached XP level 3. HP: 34/34 MP: 4/4
  1006 | D:2      | Noticed Sigmund
  1060 | D:2      | Reached XP level 4. HP: 44/44 MP: 5/5
  1419 | D:3      | Noticed Natasha
  1423 | D:3      | Killed Natasha
  1507 | D:3      | Reached ** piety under Yredelemnul
  1694 | D:3      | Noticed Grinder
  1707 | D:3      | Gained mutation: You expend magic power (3 MP) to
                  | strengthen your wands. [potion of mutation]
  1707 | D:3      | Gained mutation: You sometimes lose your temper in combat.
                  | [potion of mutation]
  1710 | D:3      | Killed Grinder
  1711 | D:3      | Reached XP level 5. HP: 20/55 MP: 2/6
  1711 | D:3      | Reached XP level 6. HP: 22/62 MP: 2/7
  1735 | D:3      | Lost mutation: You expend magic power (3 MP) to strengthen
                  | your wands. [potion of mutation]
  1735 | D:3      | Lost mutation: You sometimes lose your temper in combat.
                  | [potion of mutation]
  1735 | D:3      | Gained mutation: You are clumsy. (Dex -2) [potion of
                  | mutation]
  1735 | D:3      | Gained mutation: Your body sometimes deteriorates upon
                  | taking damage. [potion of mutation]
  2137 | D:3      | Noticed Natasha
  2141 | D:3      | Killed Natasha
  2293 | D:3      | Noticed Natasha
  2297 | D:3      | Killed Natasha
  2504 | D:4      | Identified 3 scrolls of acquirement
  2504 | D:4      | Acquired 645 gold pieces
  2506 | D:4      | Acquired the +8 barding of Otaypnol {rF+ rC+}
  2513 | D:4      | Acquired the +2 cloak of the Skies Above {rC+ Str+2}
  2681 | D:4      | Found a shadowy altar of Dithmenos.
  2709 | D:4      | Reached skill level 1 in Polearms
  2802 | D:4      | Reached XP level 7. HP: 70/70 MP: 8/8
  2805 | D:4      | Reached skill level 2 in Polearms
  3441 | D:2      | Killed Sigmund
  3442 | D:2      | Reached skill level 3 in Polearms
  3525 | D:5      | Entered Level 5 of the Dungeon
  3546 | D:5      | Noticed Edmund
  3553 | D:5      | Reached skill level 4 in Polearms
  3571 | D:5      | Killed Edmund
  3572 | D:5      | Reached XP level 8. HP: 59/80 MP: 9/9
  3577 | D:5      | Reached *** piety under Yredelemnul
  3677 | D:5      | Found a broken altar of Ashenzari.
  3694 | D:5      | Reached skill level 5 in Polearms
  4137 | D:6      | Acquired the +6 bardiche "Tormentor" {speed, rPois rF+
                  | Int+2}
  4174 | D:6      | Reached skill level 6 in Polearms
  4336 | D:6      | Found a staircase to the Ecumenical Temple.
  4382 | D:6      | Found a glowing drain.
  4387 | Sewer    | Entered a sewer
  4528 | Sewer    | Reached **** piety under Yredelemnul
  4672 | Sewer    | Reached skill level 7 in Polearms
  5063 | D:6      | Reached XP level 9. HP: 78/90 MP: 10/10
  5360 | D:7      | Reached skill level 8 in Polearms
  5422 | D:7      | Noticed Joseph
  5431 | D:7      | Killed Joseph
  5506 | D:7      | Reached skill level 9 in Polearms
  5621 | D:7      | Your ally Joseph died
  5649 | D:7      | Reached XP level 10. HP: 42/100 MP: 11/11
  5832 | D:7      | Acquired a manual of Polearms
  5836 | D:7      | Reached skill level 10 in Polearms
  6206 | D:7      | Reached skill level 10 in Fighting
  6214 | D:7      | Reached skill level 11 in Polearms
  6322 | D:8      | Reached skill level 1 in Invocations
  6375 | D:8      | Noticed Erica
  6381 | D:8      | Killed Erica
  6478 | D:8      | Reached ***** piety under Yredelemnul
  6495 | D:8      | Noticed Maurice
  6503 | D:8      | Reached skill level 5 in Invocations
  6511 | D:8      | Your ally Erica died
  6523 | D:8      | Killed Maurice
  6531 | D:8      | Found a staircase to the Lair.
  6930 | D:9      | Reached XP level 11. HP: 106/108 MP: 16/16
  6964 | D:9      | Reached skill level 12 in Polearms
  7051 | D:9      | Noticed Pikel
  7056 | D:9      | Killed Pikel
  7512 | D:9      | Your ally Pikel died
  7593 | D:9      | Found a stormy altar of Qazlal.
  7651 | D:9      | Found a shimmering blue altar of Sif Muna.
  8078 | D:10     | Entered Level 10 of the Dungeon
  8345 | D:10     | Reached skill level 13 in Polearms
  8411 | D:10     | Noticed a two-headed ogre
  8414 | D:10     | Killed a two-headed ogre
  8441 | D:10     | Identified the +2 ring mail "Iqivem" {rPois rF++ Str-4}
  8548 | D:10     | Noticed a two-headed ogre
  8557 | D:10     | Killed a two-headed ogre
  8582 | D:10     | Reached skill level 14 in Polearms
  8930 | D:11     | Reached XP level 12. HP: 118/118 MP: 18/18
  9049 | D:11     | Reached skill level 15 in Polearms
  9214 | D:11     | Noticed a boulder beetle
  9232 | D:11     | Killed a boulder beetle
  9524 | D:11     | Reached skill level 16 in Polearms
  9857 | D:12     | Noticed a yaktaur captain
  9949 | Lair:1   | Entered Level 1 of the Lair of Beasts
 10395 | Lair:1   | Reached skill level 17 in Polearms
 10882 | Lair:2   | Noticed an eight-headed hydra
 10886 | Lair:2   | Killed a ten-headed hydra
 10973 | Lair:2   | Noticed a catoblepas
 10984 | Lair:2   | Killed a catoblepas
 10993 | Lair:2   | Noticed an eight-headed hydra
 10999 | Lair:2   | Killed an 11-headed hydra
 11000 | Lair:2   | Gained mutation: You can use your snake-like lower body to
                  | constrict enemies. [Naga growth]
 11000 | Lair:2   | Reached XP level 13. HP: 104/127 MP: 20/20
 11261 | Lair:2   | Found a staircase to the Swamp.
 11267 | Lair:2   | Reached skill level 18 in Polearms
 11923 | Lair:3   | Found a hole to the Spider Nest.
 12205 | Lair:3   | Identified the +9 rapier "Akiwkiv" {speed, rN+ Dex+4}
 12766 | Lair:4   | Reached ****** piety under Yredelemnul
 12883 | Lair:4   | Found a glowing golden altar of the Shining One.
 13055 | Lair:4   | Reached skill level 19 in Polearms
 13194 | Lair:4   | Found a staircase to the Slime Pits.
 13536 | Lair:5   | Entered Level 5 of the Lair of Beasts
 13585 | Lair:5   | Reached skill level 20 in Polearms
 13598 | Lair:5   | Reached XP level 14. HP: 135/135 MP: 21/21
 13612 | Lair:5   | Identified the staff "Somor" {rPois rF+ rC+ rN++ Str-5 Ice}
 13783 | Lair:5   | Reached skill level 21 in Polearms
 14914 | D:12     | Reached skill level 22 in Polearms
 15458 | D:12     | Found a staircase to the Orcish Mines.
 15747 | D:12     | Noticed Lodul
 15765 | D:12     | Killed Lodul
 16113 | Orc:1    | Entered Level 1 of the Orcish Mines
 16337 | Orc:1    | Reached XP level 15. HP: 124/142 MP: 22/22
 16581 | Orc:1    | Found Xeje's Book Shoppe.
 16823 | Orc:2    | Entered Level 2 of the Orcish Mines
 16902 | Orc:2    | Reached skill level 23 in Polearms
 16961 | Orc:2    | Found Samiffuo's Magic Scroll Shoppe.
 16961 | Orc:2    | Found Yniulyiff's Jewellery Shop.
 16962 | Orc:2    | Found Vaul's Weapon Boutique.
 16962 | Orc:2    | Found Civebluen's Book Shoppe.
 16976 | Orc:2    | Bought a scroll of blinking for 120 gold pieces
 16976 | Orc:2    | Bought a scroll of fog for 64 gold pieces
 16979 | Orc:2    | Bought an amulet of regeneration for 480 gold pieces
 16979 | Orc:2    | Bought the ring "Kodoh" {rPois rCorr Int+6} for 844 gold
                  | pieces
 17182 | Orc:2    | Found a staircase to the Elven Halls.
 18903 | D:14     | Found a gate to the Vaults.
 18997 | D:14     | Reached skill level 24 in Polearms
 19397 | D:14     | Reached skill level 10 in Invocations
 19848 | D:15     | Entered Level 15 of the Dungeon
 19967 | D:15     | Found a gate leading to a gauntlet.
 19982 | Gauntlet | Entered a Gauntlet
 19982 | Gauntlet | Found a transporter.
 19982 | Gauntlet | Found a transporter.
 19983 | Gauntlet | Found a transporter.
 19984 | Gauntlet | Noticed a cacodemon
 19985 | Gauntlet | Found a transporter.
 19986 | Gauntlet | Found a transporter.
 19996 | Gauntlet | Found the +10 zealot's sword {holy, Zealotry, *Rage rN+
                  | EV+3}
 19998 | Gauntlet | Found a transporter.
 20062 | Gauntlet | Found a transporter.
 20072 | Gauntlet | Found a transporter.
 20087 | Gauntlet | Found a transporter.
 20097 | Gauntlet | Found a transporter.
 20112 | Gauntlet | Found a transporter.
 20118 | Gauntlet | Found a transporter.
 20180 | Gauntlet | Gained mutation: Your magical capacity is low. (-10% MP) [a
                  | neqoxec]
 20187 | Gauntlet | Killed a cacodemon
 20235 | Gauntlet | Identified the +1 helmet "Heoletef" {Int+2 Dex+3}
 20269 | Gauntlet | Got Sif Muna's Secrets of Congelation and Talus
 20798 | D:15     | Reached XP level 16. HP: 152/152 MP: 21/21
 20901 | D:15     | Found a staircase to the Depths.
 21818 | Swamp:1  | Entered Level 1 of the Swamp
 21818 | Swamp:1  | Noticed Roxanne
 21834 | Swamp:1  | Killed Roxanne
 21874 | Swamp:1  | Reached skill level 1 in Shapeshifting
 22253 | Swamp:1  | Noticed Nikola
 22259 | Swamp:1  | Killed Nikola
 22259 | Swamp:1  | Bound Nikola
 22694 | Swamp:2  | Reached skill level 5 in Shapeshifting
 23579 | Swamp:3  | Noticed a fenstrider witch
 23585 | Swamp:3  | Killed a fenstrider witch
 23791 | Swamp:3  | Found a glacial archway.
 23814 | IceCv    | Entered an ice cave
 23851 | IceCv    | Reached XP level 17. HP: 152/159 MP: 23/23
 23979 | IceCv    | Reached skill level 10 in Shapeshifting
 23980 | IceCv    | Found the +4 skin of Zhor {*Englaciate rC+++ SInv}
 24037 | IceCv    | Found an ancient bone altar of Kikubaaqudgha.
 24220 | IceCv    | Noticed a lich
 24241 | IceCv    | Killed a lich
 24318 | IceCv    | Identified the +2 hand axe of Conversion {heavy, rC++ Will+
                  | rCorr}
 24332 | IceCv    | Got Vifaih's Anthology of Horrible Ice
 24742 | Swamp:4  | Entered Level 4 of the Swamp
 25702 | Spider:1 | Entered Level 1 of the Spider Nest
 26426 | Spider:2 | Reached XP level 18. HP: 152/170 MP: 25/25
 27764 | Spider:3 | Reached skill level 15 in Invocations
 28023 | Spider:3 | Noticed Mlioglotl
 28024 | Spider:3 | Killed Mlioglotl
 28216 | Spider:4 | Entered Level 4 of the Spider Nest
 28281 | Spider:4 | Noticed Arachne
 28290 | Spider:4 | Killed Arachne
 28625 | Spider:4 | Reached XP level 19. HP: 128/174 MP: 28/28
 29185 | Spider:4 | Got a gossamer rune of Zot
 29349 | Spider:4 | Learned a level 3 spell: Fugue of the Fallen
 29352 | Spider:4 | Learned a level 2 spell: Blink
 29356 | Spider:4 | Learned a level 3 spell: Swiftness
 29641 | Spider:4 | Identified the +3 hat "Icwaobop" {rC+ rN+ Str+3}
 30089 | Vaults:1 | Entered Level 1 of the Vaults
 30097 | Vaults:1 | Noticed Saint Roka
 30133 | Vaults:1 | Killed Saint Roka
 30509 | Vaults:1 | Reached skill level 15 in Fighting
 30976 | Vaults:1 | Found a runed translucent gate.
 30976 | Vaults:1 | Found a runed translucent gate.
 30976 | Vaults:1 | Found a runed translucent gate.
 30976 | Vaults:1 | Noticed Joextigh's ghost (veteran KoHu)
 31722 | Vaults:1 | Found a viscous altar of Jiyva.
 31820 | Vaults:1 | Your ally Saint Roka died
 31844 | Vaults:1 | Killed Joextigh's ghost
 31865 | Vaults:1 | Identified the ring "Siosiyv" {rF+ Will+}
 32118 | Vaults:2 | Reached XP level 20. HP: 79/196 MP: 30/30
 33797 | Vaults:3 | Found a staircase to the Crypt.
 35097 | Vaults:4 | Reached XP level 21. HP: 207/208 MP: 32/32
 35255 | Vaults:4 | Identified the +4 chain mail of the Narrow God {Regen+}
 35403 | Vaults:4 | Acquired 696 gold pieces
 35771 | Vaults:4 | Noticed Zenata
 35804 | Vaults:4 | HP: 9/208 [+0 glaive of freezing[Zenata] (8)]
 35805 | Vaults:4 | Slain by a +0 glaive of freezing

Illustrated notes

Levels and vault maps discovered:
D:1:      dpeg_arrival_signposts, layout_basic,
          hellmonk_ecumenical_altar_pennies_from_heaven
D:2:      layout_rooms, wad_floor_pattern_untrapped, uniq_sigmund
D:3:      layout_loops_ring, uniq_grinder, uniq_natasha
D:4:      layout_basic, grunt_dithmenos_smoke_and_mirrors, serial_demonic,
          serial_demonic_e, serial_demonic_b, serial_demonic_b,
          serial_demonic_d, serial_demonic_b, serial_demonic_b
D:5:      layout_gridville, evilmike_ruin_ashenzari, uniq_edmund
D:6:      layout_basic, minmay_temple_entry_mist, gup_sewer_entry_bowl
D:7:      layout_gridville, minmay_joined_circles, uniq_joseph
D:8:      layout_cave_pools, hellmonk_lair_entry_icy, uniq_maurice, uniq_erica
D:9:      layout_loops_ring, minitemple, uniq_pikel
D:10:     layout_small_grid
D:11:     layout_stronghold, minmay_unpleasant_kobolds
D:12:     hangedman_surveillance_ring, layout_stronghold, orc_0_dummy,
          roderic_batcave, uniq_lodul
D:13:     layout_basic
D:14:     layout_stronghold, david_vaults_2, minmay_starry_boxes
D:15:     grunt_enter_depths_magical_seal, layout_basic, gauntlet_entry_generic,
          minmay_misc_feat_rugged
Lair:1:   layout_cellular_growth, nicolae_quartered_pool_impasse
Lair:2:   layout_roguey, nicolae_swamp_entry_splash_gauntlet,
          infiniplex_staircase_pool, lemuel_fruit_tree
Lair:3:   layout_hall_layers, spider_nest_entry_web_field, serial_bayou_pond_c,
          minivault_25
Lair:4:   layout_regular_city, dpeg_slime_entry_corner, basic_altar
Lair:5:   minmay_lair_end_frog_pond, layout_gridlike
Swamp:1:  layout_basic_swamp, evilmike_swamp_ruin_house_3, swamp_pool_4,
          nicolae_swamp_tree_designs, uniq_nikola, uniq_roxanne
Swamp:2:  layout_basic_swamp, serial_swamp_ruin, evilmike_swamp_ruin_house_6,
          evilmike_swamp_ruin_rubble_1, hangedman_swamp_ruin_wall,
          nicolae_swamp_decorative_isthmus
Swamp:3:  layout_basic_swamp, portal_ice_cave_entry_frozen_things,
          evilmike_swamp_ruin_wall
Swamp:4:  swamp_fiery, layout_basic_swamp, swamp_pool_1_2
Spider:1: layout_spider_delve
Spider:2: layout_spider_delve, nicolae_spider_undead_wolf_pack
Spider:3: layout_spider_delve, guppyfry_spider_mini_1, uniq_mlioglotl
Spider:4: johnstein_spider_rune_arachne_lair, drop_trap, hive_lemuel
Orc:1:    layout_caves, serial_shops, nicolae_shop_gibbet_a_chance
Orc:2:    st_orc_ogre_mass, layout_caves, nicolae_orc_tapped_out
Vaults:1: gammafunk_ghost_ooze, vaults_room_grunt_arrival_ludios,
          nicolae_vaults_offset_grid_hallway_1,
          nicolae_vaults_offset_grid_hallway_1, ontoclasm_vaults_spin,
          ontoclasm_vaults_fault, nicolae_vaults_mini_display_case,
          nicolae_vaults_trapezoid_1, layout_vaults_omnigrid, uniq_saint_roka
Vaults:2: v_alt_pattern_5, nicolae_vaults_closet_pinwheel_5,
          ontoclasm_vaults_misaligned, nicolae_vaults_closet_pinwheel_1,
          nicolae_vaults_swerve, st_lines, hangedman_vaults_cutoff,
          nicolae_vaults_cochlea, ontoclasm_vaults_hangar, lightli_orcish_oven,
          nicolae_vaults_apartment_1, nicolae_vaults_specimen_jars,
          layout_vaults_maze_snakey
Vaults:3: grunt_vaults_hallway_short, nicolae_vaults_offset_grid_hallway_2,
          nicolae_vaults_closet_pinwheel_1, vaults_room_fours,
          nicolae_vaults_turnstiles, ontoclasm_vaults_chip,
          minmay_crypt_entry_simple_box, nicolae_vaults_tetromino_Z_2,
          layout_vaults_chaotic_city
Vaults:4: v_pattern_5, ontoclasm_vaults_idyll, vaults_mumra_hexcomb, v_misc_8,
          nicolae_vaults_house_1, v_misc_17, nicolae_vaults_lightning_bolt,
          vaults_room_semicircle, nicolae_vaults_oval_intersection,
          hangedman_vaults_impose, ontoclasm_vaults_pinch,
          layout_vaults_omnicross, uniq_zenata

Skill      XL: |  1  2  3  4  5  6  7  8  9 10 11 12 13 14 15 16 17 18 19 20 |
---------------+-------------------------------------------------------------+-----
Stealth        | 2 |  2.8
Fighting       | 3 6 7 8 9 10 11 12 14 15 17 | 17.1
Polearms       | 1 4 7 9 11 14 17 20 22 24 | 24.0
Invocations    | 7 9 11 12 13 16 19 21 | 21.6
Armour         | 3 4 |  4.4
Shapeshifting  | 9 13 | 13.0
Maces & Flails | |  1.0
Throwing       | |  1.0
Dodging        | |  1.0
Spellcasting   | |  1.0
Evocations     | |  2.0

Action                     |  1- 3 |  4- 6 |  7- 9 | 10-12 | 13-15 | 16-18 | 19-21 || total
---------------------------+-------+-------+-------+-------+-------+-------+-------++-------
  Melee: Mace              |    45 |    12 |       |       |       |       |       ||    57
         Trident           |       |    35 |    78 |       |       |       |       ||   113
         Bardiche          |       |       |   138 |   406 |   537 |   830 |   762 ||  2673
         Constrict         |       |       |       |       |   100 |   141 |   135 ||   376
  Throw: Dart              |     9 |     9 |     7 |       |       |       |       ||    25
 Invoke: Light the Black T |     2 |     2 |     4 |     6 |    10 |     9 |     4 ||    37
         Bind Soul         |       |       |       |     2 |     5 |     4 |     5 ||    16
         Hurl Torchlight   |       |       |       |       |     2 |       |     1 ||     3
         Fathomless Shackl |       |       |       |       |       |     2 |     2 ||     4
         Recall Undead Har |       |       |       |       |       |       |     1 ||     1
Ability: Spit Poison       |    11 |     9 |     8 |       |     1 |     1 |       ||    30
         Begin Untransform |       |       |       |       |       |     1 |       ||     1
  Evoke: Wand              |       |     4 |     2 |       |     5 |     3 |     2 ||    16
    Use: Scroll            |     2 |     5 |     5 |    12 |     2 |       |     7 ||    33
         Potion            |       |     4 |       |       |     3 |     4 |     4 ||    15
   Stab: Sleeping          |     1 |     1 |     4 |     3 |       |     5 |    12 ||    26
         Distracted        |       |     2 |     3 |     7 |    14 |    22 |    14 ||    62
 Armour: Leather armour    |    44 |    86 |   230 |   210 |       |       |       ||   570
         Chain mail        |       |     8 |       |   179 |   279 |       |    87 ||   553
         Plate armour      |       |       |       |       |   219 |   246 |       ||   465
         Animal skin       |       |       |       |       |       |   588 |   753 ||  1341
  Dodge: Dodged            |    32 |    42 |    90 |   187 |   202 |   203 |   213 ||   969
   Form: Statue            |       |       |       |       |       |     1 |       ||     1

Table legend: (Time is in decaauts)
 A = Elapsed time spent in this place.
 B = Non-inter-level travel time spent in this place.
 C = Inter-level travel time spent in this place.
 D = Time resting spent in this place.
 E = Time spent auto-exploring this place.
 F = Levels seen in this place.
 G = Mean time per level.
                   A        B        C        D        E       F      G
               +--------+--------+--------+--------+--------+-----+--------+
         Total |  44405 |  41439 |   2966 |    997 |  32624 |  37 | 1200.1 |
       Dungeon |  19274 |  17578 |   1696 |    510 |  14120 |  15 | 1284.9 |
          Lair |   5970 |   5390 |    580 |    200 |   4403 |   5 | 1194.0 |
         Swamp |   3913 |   3680 |    233 |    102 |   2929 |   4 |  978.2 |
   Spider Nest |   5141 |   4920 |    221 |      0 |   3819 |   4 | 1285.2 |
  Orcish Mines |   1554 |   1507 |     47 |    100 |   1101 |   2 |  777.0 |
        Vaults |   6810 |   6623 |    187 |     85 |   5193 |   4 | 1702.5 |
         Sewer |    662 |    662 |      0 |      0 |    453 |   1 |  662.0 |
      Ice Cave |    697 |    697 |      0 |      0 |    379 |   1 |  697.0 |
      Gauntlet |    381 |    381 |      0 |      0 |    222 |   1 |  381.0 |
               +--------+--------+--------+--------+--------+-----+--------+

Top non-repeatable levels by time:
Vaults:1: 2178 daAuts
    D:12: 2093 daAuts
Spider:4: 1942 daAuts
    D:14: 1941 daAuts
Vaults:2: 1893 daAuts
    D:15: 1690 daAuts
    D:11: 1601 daAuts
     D:9: 1540 daAuts
  Lair:2: 1536 daAuts
Vaults:3: 1452 daAuts
     D:4: 1361 daAuts
     D:3: 1357 daAuts
Spider:2: 1323 daAuts
Vaults:4: 1287 daAuts
  Lair:4: 1215 daAuts
